 Dungeon Crawl Stone Soup version 0.32-a0-913-g739538afd8 (webtiles) character file.

Game seed: 4933443870263863844

2863350 BlackSun the Conqueror (level 27, 249/249 HPs)
             Began as a Coglin Berserker on Apr 7, 2024.
             Was the Champion of Trog.
             Escaped with the Orb
             ... and 5 runes!
             The game lasted 01:58:05 (84708 turns).

BlackSun the Conqueror (Coglin Berserker)          Turns: 84708, Time: 01:58:06

Health: 249/249    AC: 47    Str: 22    XL:     27
Magic:  16/25      EV: 16    Int: 13    God:    Trog [******]
Gold:   9297       SH:  0    Dex: 16    Spells: 26/26 levels left

rFire   + + +        p - +9 broad axe (vamp) {Kai}
rCold   + + .        c - +9 broad axe (freeze) {Araceli}
rNeg    . . .        l - +12 gold dragon scales {rare}
rPois   +            h - -1 hat "Uxtettim" {+Blink rCorr Int+3}
rElec   +            k - scarf {rC+ rF+}
rCorr   +            S - +3 pair of gauntlets of War {Slay+5}
SInv    .            F - +2 pair of boots {rampage}
Will    ++...        (amulet unavailable) Stlth
                     (ring unavailable)
HPRegen 0.61/turn    (ring unavailable)
MPRegen 0.19/turn    e - neodymium turbine {RevParry, rElec rF+}

%: rampage
@: no status effects
A: off-hand wielding, slow wielding, warmup strikes, no jewellery, clumsy 1,
deterioration 1, high MP 1, weak 1, subdued magic 1
0: Orb of Zot
}: 5/15 runes: barnacled, slimy, silver, abyssal, gossamer
a: Renounce Religion, Evoke Blink, Berserk, Trog's Hand, Brothers in Arms


You escaped.
You worshipped Trog.
Trog was exalted by your worship.
You visited 12 branches of the dungeon, and saw 56 of its levels.
You visited the Abyss 1 time.
You visited 1 bazaar.
You also visited: Trove, Ossuary, Bailey and Ice Cave.

You collected 12662 gold pieces.
You spent 3365 gold pieces at shops.

Inventory:

Hand Weapons
 a - a +6 broad axe of freezing
 b - the +8 demon trident "Rift" {distort, reach+}
   (You found it on level 3 of the Crypt)
 c - a +9 broad axe of freezing (offhand) {Araceli}
 p - a +9 vampiric broad axe (weapon) {Kai}
 U - a +4 broad axe
 W - a +4 vampiric broad axe
 Z - a +9 broad axe of flaming {Servia}
Missiles
 A - 12 throwing nets {=f!f}
Armour
 h - the -1 hat "Uxtettim" (worn) {+Blink rCorr Int+3}
   (You found it in a treasure trove)

   Int+3:     It affects your intelligence (+3).
   +Blink:    It lets you blink.
   rCorr:     It protects you from acid and corrosion.
 i - the +2 pair of boots of the Howling Gods {+Blink +Inv}
   (You found it in a treasure trove)

   +Inv:      It lets you turn invisible.
   +Blink:    It lets you blink.
 k - a scarf of resistance (worn)
 l - +12 gold dragon scales (worn) {rare}
 r - the +0 pair of gloves of Lidy {rF+ rC+ rN+}
   (You found it in a treasure trove)

   rF+:       It protects you from fire.
   rC+:       It protects you from cold.
   rN+:       It protects you from negative energy.
 w - a +2 helmet of see invisible
 F - a +2 pair of boots of rampaging (worn)
 G - the +0 pair of gloves of Intercession {Rampage rN+ Will-}
   (You found it in a treasure trove)

   rN+:       It protects you from negative energy.
   Will-:     It decreases your willpower.
   Rampage:   It bestows one free step when moving towards enemies.
 P - a +0 pair of boots of flying
 S - the +3 pair of gauntlets of War (worn) {Slay+5}
   (You found it in a treasure trove)

   Slay+5:    It affects your accuracy & damage with ranged weapons and melee
   (+5).
Gizmo
 e - a neodymium turbine (installed) {RevParry, rElec rF+}
   (You invented it yourself on level 1 of the Lair of Beasts)

   [neodymium turbine]

   RevParry:  Your AC increases as you Rev (up to +5) and while fully Revved,
   your attacks may disarm enemies.
   rF+:       It protects you from fire.
   rElec:     It insulates you from electricity.
Wands
 z - a wand of acid (25)
 E - a wand of digging (45)
 J - a wand of polymorph (48)
 O - a wand of iceblast (64)
 T - a wand of mindburst (76)
Scrolls
 d - 25 scrolls of teleportation {@r4}
 j - 13 scrolls of poison {!r}
 n - 13 scrolls of vulnerability {!r!r}
 s - 4 scrolls of enchant weapon
 y - 16 scrolls of fog
 C - 2 scrolls of fear
 H - 8 scrolls of blinking {!r}
 L - 8 scrolls of immolation {!r!r}
 R - 7 scrolls of revelation
 V - 2 scrolls of butterflies
 Y - a scroll of silence {!r!r}
Potions
 f - a potion of berserk rage {!q}
 g - 5 potions of might
 m - 24 potions of curing {@q1}
 o - 12 potions of heal wounds {@q2}
 q - 13 potions of magic
 u - 7 potions of invisibility
 v - 7 potions of haste {@q3}
 B - 7 potions of mutation {!q}
 D - 12 potions of enlightenment
 I - 10 potions of cancellation
 K - 6 potions of ambrosia
 M - 14 potions of attraction {!q}
 Q - 4 potions of resistance
Miscellaneous
 t - a lightning rod (4/4)
 x - a phial of floods
 N - a condenser vane
 X - a sack of spiders


   Skills:
 O Level 27 Fighting
 - Level 18.0 Axes
 O Level 27 Armour
 O Level 27 Dodging
 + Level 15.1 Evocations


You had 26 spell levels left.
You didn't know any spells.
Your spell library was empty.

Dungeon Overview and Level Annotations

Branches:
Dungeon (15/15)            Temple (1/1) D:6            Lair (5/5) D:10
 Shoals (4/4) Lair:3       Spider (4/4) Lair:3        Slime (5/5) Lair:4
    Orc (2/2) D:9             Elf (3/3) Orc:2        Vaults (5/5) D:13
  Crypt (3/3) Vaults:3       Tomb (0/3) Crypt:3      Depths (4/4) D:15
    Zot (5/5) Depths:4    Ossuary (visited)          Bailey (visited)
  IceCv (visited)

Altars:
Ashenzari
Cheibriados
Dithmenos
Elyvilon
Fedhas
Gozag
Hepliaklqana
Kikubaaqudgha
Makhleb
Nemelex Xobeh
Okawaru
Qazlal
Ru
Sif Muna
Trog
Uskayaw
Vehumet
Wu Jian
Xom
Yredelemnul
Zin
The Shining One
Jiyva

Shops:
D:3 *   D:8 :   Orc:2 =*([   Elf:1 [??   Elf:2 *   Shoals:1 (   Shoals:3 ??(?*
Vaults:1 :   Vaults:3 (

Portals:
Hell: Depths:1 Depths:2 Depths:3 Depths:4
Abyss: Depths:1 Depths:3
Pandemonium: Depths:2 Depths:4
Ziggurat: Depths:3

Annotations:
Zot:4 1 transporter


Innate Abilities, Weirdness & Mutations

You can wield a second weapon in your off-hand.
It takes a long time for you to wield or remove held weapons.
Your first few attacks do less damage.
You cannot equip rings or amulets.
You are clumsy. (Dex -2)
Your body sometimes deteriorates upon taking damage.
You have an increased reservoir of magic. (+10% MP)
You are weak. (Str -2)
Your spells are a little easier to cast, but a little less powerful.


Message History

You hit the Orb Guardian but do no damage.
You slice the Orb Guardian with your +9 vampiric broad axe!!
You feel better.
You kill the Orb Guardian!
Trog accepts your kill.
You have mastered Armour!
You need to enable at least one skill for training.
A rakshasa comes into view. It is wielding a +0 whip of flaming.
You closely miss the rakshasa with your +9 vampiric broad axe.
You open the rakshasa like a pillowcase with your +9 broad axe of freezing!!!
You freeze the rakshasa!! The rakshasa barely misses you.
You hit the rakshasa with your +9 vampiric broad axe.
You miss the rakshasa with your +9 broad axe of freezing.
The injured rakshasa weaves a defensive illusion!
You carve the rakshasa like a ham with your +9 vampiric broad axe!!!
You kill the rakshasa!
The rakshasa shimmers and vanishes!
The rakshasa blinks!
The rakshasa hits you but does no damage.
You closely miss the rakshasa with your +9 broad axe of freezing.
You hit the rakshasa with your +9 broad axe of freezing.
You freeze the rakshasa.
You slice the rakshasa like a ripe choko with your +9 vampiric broad axe!!!
You kill the rakshasa!
Trog accepts your kill.
The rakshasa shimmers and vanishes!
No target in view!
You hear a chilling moan.
There is a strange disturbance nearby!
No target in view!
No target in view!
Something hits you.
You feel your power leaking away.
Deactivating autopickup; reactivate with Ctrl-A.
You slash something with your +9 vampiric broad axe!
You closely miss something with your +9 broad axe of freezing.
You slice something with your +9 vampiric broad axe!!
You completely miss something with your +9 broad axe of freezing.
Something completely misses you.
Unknown command.
You hit something but do no damage.
You closely miss something with your +9 broad axe of freezing.
Something hits you but does no damage.
You open something like a pillowcase with your +9 broad axe of freezing!!!
You freeze something! Trog accepts your kill.
Reactivating autopickup.
You feel a bit more experienced.
Unknown command.
There is a staircase leading out of the dungeon here.
You have escaped!

#####################
#....................
#....................
#...##...####...#####
#...##...# #...# #
#........####...# #
#...@..>........#####
#....................
#...#######..........
#...# #..รท#####..
#...# ....# #.. #...#
#...# #..
#...#######...#####..
#....................
#....................


There were no monsters in sight!

Vanquished Creatures
  the Royal Jelly (Slime:5)
  5 dread liches
  4 ancient liches
  4 orbs of fire
  Josephina (Depths:3)
  Vv (Crypt:1)
  5 Killer Klowns (Zot:5)
  Bai Suzhen (Depths:1)
  5 caustic shrikes
  6 curse toes
  Margery (Depths:3)
  15 golden dragons
  2 pandemonium lords
  Nikola (Depths:1)
  Norris (Elf:3)
  Jory (Crypt:3)
  The ghost of Gymeqeul the Destroyer, an adept HuCj of Sif Muna (Elf:2)
  2 Brimstone Fiends
  2 Tzitzimimeh
  3 hellephants
  6 electric golems
  12 tentacled monstrosities
  Zenata (Crypt:1)
  29 Orb Guardians
  Jorgrun (Shoals:1)
  3 deep elf blademasters
  5 liches
  6 titans
  5 sphinxes
  18 acid blobs
  6 quicksilver dragons
  3 deep elf master archers
  5 ancient champions
  Kirke (D:13)
  Gastronok (Lair:3)
  10 death cobs
  2 tentacled starspawn (Abyss:3)
  9 tengu reavers
  15 shadow dragons
  17 storm dragons
  2 revenants (Crypt:2)
  5 draconian knights
  A daeva (D:8)
  8 azure jellies
  4 draconian monks
  13 fire giants
  9 frost giants
  13 rockslimes
  4 draconian shifters
  8 ghost moths
  3 draconian scorchers
  Ilsuiw (Shoals:4)
  2 caustic shrike zombies (Depths:3)
  8 deep elf sorcerers
  4 balrugs
  10 emperor scorpions (Spider:3)
  3 iron dragons
  A spectral juggernaut (Depths:3)
  2 juggernaut zombies
  25 vault wardens
  6 deep elf elementalists (Elf:3)
  2 curse skulls
  18 stone giants
  3 draconian stormcallers
  An orc warlord (Vaults:4)
  A ghoul (Vaults:3)
  3 cacodemons
  5 reapers
  11 very ugly things
  11 ironbound preservers
  3 draconian annihilators
  2 spriggan defenders
  19 formless jellyfish
  7 broodmothers
  7 ironbound thunderhulks
  12 quicksilver oozes
  8 green draconians
  8 deep elf demonologists
  21 vampire knights
  The ghost of Cesoluadot the Slicer, a journeyman DsFi of Trog (Lair:4)
  14 black draconians
  15 deep elf death magi
  18 white draconians
  12 spark wasps
  6 war gargoyles
  13 yellow draconians
  5 lorocyprocas
  9 red draconians
  12 dire elephants
  7 deep elf annihilators
  11 purple draconians
  Snorg (Orc:2)
  3 eidola
  8 merfolk javelineers
  A green death (D:9)
  2 quicksilver dragon zombies
  16 ettins
  4 blizzard demons
  4 crystal guardians
  9 fire dragons
  8 merfolk impalers
  7 great orbs of eyes
  7 entropy weavers
  A spectral golden dragon (Depths:3)
  6 yaktaur captains
  3 spriggan zombies (Crypt:2)
  15 jiangshi
  5 deep elf high priests
  41 vault guards
  A fenstrider witch zombie (Crypt:2)
  Harold (D:10)
  10 rakshasas
  4 hydras
  A quicksilver dragon skeleton (Depths:3)
  2 peacekeepers (Vaults:4)
  2 caustic shrike simulacra (Depths:3)
  An ogre mage (Vaults:2)
  A spriggan skeleton (Crypt:2)
  3 merfolk avatars
  12 centaur warriors
  3 jorogumos
  3 hell beasts
  4 catoblepae
  2 satyrs
  3 radroaches
  25 dancing weapons
  5 spriggan air magi
  An elf skeleton (Crypt:1)
  3 death knights
  14 boulder beetles
  A sphinx skeleton (Depths:3)
  6 ice dragons
  7 merfolk aquamancers
  12 death yaks
  9 ironbound frosthearts
  8 two-headed ogres
  2 titan zombies
  A bennu skeleton (Crypt:3)
  5 deep troll shamans
  7 spriggan berserkers
  9 demonic crawlers
  An orc high priest (Elf:1)
  7 deep troll earth magi
  An occultist (D:15)
  7 tengu warriors
  11 vampire magi
  5 thrashing horrors (Abyss:3)
  Urug (Lair:2)
  4 spriggans
  7 sun demons
  Nergalle (Lair:3)
  4 storm dragon zombies
  17 deep elf knights
  A fire crab (Lair:4)
  11 skysharks
  2 soul eaters
  25 hell knights
  3 wretched stars (Abyss:3)
  3 titan skeletons
  4 pharaoh ants
  An iron giant zombie (Crypt:2)
  2 anaconda zombies
  17 deep elf archers
  19 skeletal warriors
  8 iron trolls
  15 sea snakes
  10 flayed ghosts
  3 golden dragon zombies
  A sea snake (shapeshifter) (Vaults:5)
  3 glowing orange brains
  5 sixfirhies
  39 deep trolls
  A mana viper (shapeshifter) (Vaults:5)
  A spatial maelstrom (Abyss:3)
  A bunyip zombie (Crypt:2)
  A kraken simulacrum (Shoals:4)
  A cherub (Depths:2)
  7 orb spiders
  3 obsidian bats
  2 bunyip skeletons
  3 sun moths
  3 golden dragon skeletons (Depths:3)
  8 thermic dynamos
  4 lindwurms
  6 orc knights
  4 arcanists
  15 phantasmal warriors
  A tengu zombie (Depths:3)
  6 lightning spires (Abyss:3)
  23 deep elf pyromancers
  3 obsidian statues
  16 ironbound convokers
  An orb spider (shapeshifter) (Vaults:5)
  An iron dragon zombie (Depths:3)
  6 steelbarb worms
  10 necromancers
  32 deep elf zephyrmancers
  12 harpies
  21 wolf spiders
  A goliath frog zombie (Crypt:1)
  28 ugly things
  A sphinx simulacrum (Depths:3)
  5 fauns
  A shining eye (Slime:5)
  A spectral ettin (Crypt:2)
  18 cyclopes
  An eleionoma zombie (Crypt:2)
  20 moths of wrath
  A cyclops (shapeshifter) (Vaults:5)
  A meliai (shapeshifter) (D:13)
  9 elephants
  12 manticores
  2 iron dragon skeletons
  3 black mambas
  10 merfolk sirens
  8 meliai
  6 eyes of devastation
  2 rust devils (Depths:1)
  An eye of devastation (shapeshifter) (Depths:2)
  A human skeleton (Vaults:3)
  2 titan simulacra (Depths:3)
  2 centaur zombies
  17 vault sentinels
  6 torpor snails
  An ice statue (IceCv)
  4 kobold blastminers
  2 dire elephant zombies
  2 alligator snapping turtle zombies
  3 gargoyles
  3 orange demons
  6 smoke demons
  A stone giant skeleton (Vaults:3)
  A shock serpent zombie (Crypt:1)
  5 water nymphs
  A minotaur zombie (Crypt:1)
  11 rime drakes
  3 kobold demonologists
  8 large abominations
  11 cane toads
  2 storm dragon simulacra
  6 unseen horrors
  A catoblepas zombie (Crypt:3)
  5 efreet
  A hellion (D:8)
  52 yaktaurs
  3 centaur skeletons
  13 komodo dragons
  An unseen horror (shapeshifter) (Elf:2)
  An alligator snapping turtle skeleton (Crypt:2)
  3 tormentors
  A yaktaur (shapeshifter) (Vaults:5)
  2 tengu conjurers
  3 freezing wraiths
  3 red devils
  3 ancient zymes (Abyss:3)
  2 ice devils (Depths:1)
  A sea snake skeleton (Crypt:3)
  4 harpy zombies
  11 polar bears
  A merfolk (shapeshifter) (Zot:1)
  2 hellwings
  A troll (shapeshifter) (D:12)
  4 wind drakes
  31 merfolk
  11 trolls
  A tengu simulacrum (Depths:3)
  12 hornets
  36 jumping spiders
  3 dream sheep (Shoals:2)
  19 tarantellas
  A fire giant simulacrum (Depths:3)
  3 harpy skeletons (Crypt:2)
  8 raiju
  9 blink frogs
  154 slime creatures
  A centaur simulacrum (D:15)
  3 glass eyes
  4 snapping turtles
  4 shadows
  25 vampires
  21 water elementals
  2 ettin skeletons
  2 air elementals
  3 wyverns
  21 culicivoras
  A black mamba zombie (Abyss:3)
  2 ynoxinuls
  2 fire elementals
  8 wraiths
  3 wargs
  62 yaks
  6 basilisks
  A hog (D:13)
  3 humans (Bailey)
  A black mamba skeleton (Crypt:1)
  A redback (shapeshifter) (Zot:1)
  Eustachio (D:5)
  6 vampire mosquitoes
  5 golden eyes
  9 starcursed masses (Abyss:3)
  2 neqoxecs (Abyss:3)
  A fire bat zombie (Crypt:1)
  4 chaos spawn
  59 redbacks
  A redback simulacrum (D:14)
  A two-headed ogre zombie (Crypt:2)
  12 small abominations
  A spatial vortex (Abyss:3)
  An acid dragon (shapeshifter) (D:12)
  4 hell hounds (D:8)
  6 acid dragons
  2 glowing shapeshifter zombies (Depths:3)
  2 naga zombies (Crypt:2)
  A water moccasin (shapeshifter) (D:13)
  A water nymph zombie (Crypt:2)
  An entropy weaver zombie (Crypt:3)
  18 water moccasins
  A deep troll skeleton (Crypt:1)
  26 orc warriors
  An ice beast (D:15)
  5 black bears
  A sky beast (D:4)
  A cane toad skeleton (Crypt:2)
  29 laughing skulls
  2 ogres
  33 wolves
  A boggart (Vaults:1)
  A wolf (shapeshifter) (Elf:3)
  7 centaurs
  A swamp dragon skeleton (Crypt:1)
  A phantom (D:5)
  2 weeping skulls
  A salamander zombie (Crypt:2)
  12 kobold brigands
  3 brain worms (Abyss:3)
  4 scorpions
  A wyvern zombie (Crypt:1)
  16 bullfrogs
  3 earth elementals
  A naga simulacrum (Crypt:2)
  11 wights
  3 water moccasin zombies (Ossuary)
  A wyvern skeleton (Crypt:3)
  A queen bee zombie (Crypt:3)
  15 killer bees
  6 electric eels
  A vampire bat (D:3)
  A howler monkey (D:8)
  A bombardier beetle (D:4)
  2 spectral scorpions (Ossuary)
  A gnoll bouda (D:8)
  20 orc priests
  2 sleepcaps
  3 hounds
  3 jellies
  Jessica (D:2)
  Ijyb (D:2)
  Natasha (thrice) (D:2)
  25 orc wizards
  2 boggart skeletons
  5 hell rats (Lair:1)
  A crocodile zombie (Ossuary)
  2 mummies (Ossuary)
  8 gnolls
  4 adders
  5 white imps
  6 ufetubi
  An adder zombie (Ossuary)
  A dart slug (D:4)
  3 fire bats (D:3)
  2 ribbon worms
  113 orcs
  2 spectral bats (D:3)
  A bat simulacrum (D:3)
  3 bat skeletons (D:3)
  A bat zombie (D:3)
  5 endoplasms
  4 giant cockroaches
  12 gnoll zombies (Ossuary)
  21 goblins
  9 hobgoblins
  3 jackals (D:4)
  3 quokkas (D:2)
  10 ball pythons
  10 bats
  5 frilled lizards
  5 jackal zombies (Ossuary)
  17 kobolds
  An orc zombie (Ossuary)
  A quokka skeleton (Crypt:2)
  5 rats
  A river rat skeleton (Crypt:2)
  A starspawn tentacle (Abyss:3)
  A tentacle (Shoals:4)
2830 creatures vanquished.

Vanquished Creatures (collateral kills)
  Rupert (D:12)
  A vault guard (Bailey)
  2 hydras
  A deep elf archer (Elf:2)
  Prince Ribbit (Bailey)
  A fire elemental (Elf:2)
  2 bullfrogs (Bailey)
9 creatures vanquished.

Vanquished Creatures (others)
  2 deep elf knights
  A deep elf archer (Elf:2)
  A moth of wrath (Spider:4)
  2 jumping spiders (Spider:1)
  A tarantella (Spider:2)
  An iron dragon simulacrum (Depths:3)
  A raiju (Abyss:3)
  A slime creature (D:12)
  A culicivora (Spider:4)
  A starcursed mass (Abyss:3)
  A white imp (Abyss:3)
  An orc (Elf:1)
  A kobold (D:10)
  A lurking horror (Abyss:2)
  3 starspawn tentacles (Abyss:3)
  7 tentacles (Shoals:4)
26 creatures vanquished.

Grand Total: 2865 creatures vanquished

Notes
Turn   | Place    | Note
-------+----------+-------------------------------------------
     0 | D:1      | BlackSun the Coglin Berserker began the quest for the Orb.
     0 | D:1      | Reached XP level 1. HP: 18/18 MP: 1/1
   159 | D:1      | Reached XP level 2. HP: 24/24 MP: 2/2
   242 | D:1      | You fall into a shaft and drop 1 floor!
   428 | D:2      | Noticed Ijyb
   435 | D:2      | Reached XP level 3. HP: 18/29 MP: 3/3
   437 | D:2      | Killed Ijyb
   758 | D:2      | Noticed Jessica
   765 | D:2      | Killed Jessica
   766 | D:2      | Reached XP level 4. HP: 19/35 MP: 4/4
   843 | D:2      | Reached ** piety under Trog
   976 | D:2      | Noticed Natasha
   984 | D:2      | Killed Natasha
   985 | D:2      | Reached XP level 5. HP: 30/41 MP: 5/5
  1594 | D:2      | Noticed Natasha
  1602 | D:2      | Killed Natasha
  1821 | D:2      | Noticed Natasha
  1832 | D:2      | Killed Natasha
  1833 | D:2      | Reached skill level 6 in Axes
  2681 | D:3      | Reached XP level 6. HP: 47/47 MP: 6/6
  2726 | D:3      | Found Etisoffa's General Store.
  2735 | D:3      | Bought a scroll of teleportation for 42 gold pieces
  2735 | D:3      | Bought a potion of curing for 42 gold pieces
  2735 | D:3      | Bought a scroll of identify for 28 gold pieces
  3132 | D:3      | Reached *** piety under Trog
  3865 | D:4      | Reached XP level 7. HP: 41/52 MP: 7/7
  4487 | D:4      | Identified a scroll of acquirement
  4500 | D:5      | Entered Level 5 of the Dungeon
  4618 | D:5      | Found a glowing silver altar of Zin.
  4626 | D:5      | Found a sparkling altar of Nemelex Xobeh.
  4648 | D:5      | Noticed Eustachio
  4689 | D:5      | Reached **** piety under Trog
  4847 | D:5      | Killed Eustachio
  4848 | D:5      | Reached XP level 8. HP: 60/60 MP: 8/8
  5551 | D:6      | Found a staircase to the Ecumenical Temple.
  5553 | D:6      | Noticed a cyclops
  5560 | D:6      | Killed a cyclops
  5561 | D:6      | Reached skill level 9 in Axes
  5561 | D:6      | Reached skill level 3 in Armour
  5561 | D:6      | Reached skill level 3 in Dodging
  5565 | Temple   | Entered the Ecumenical Temple
  5920 | D:6      | Found an ancient bone altar of Kikubaaqudgha.
  6241 | D:6      | Reached XP level 9. HP: 48/66 MP: 9/9
  6320 | D:7      | Found a sand-covered staircase.
  6421 | Ossuary  | Entered an ossuary
  7413 | D:8      | Found a flagged portal.
  7458 | Bailey   | Entered a bailey
  7538 | Bailey   | Reached ***** piety under Trog
  7663 | Bailey   | Noticed a vault guard
  7663 | Bailey   | Noticed Prince Ribbit
  7677 | Bailey   | Killed a vault guard
  7678 | Bailey   | Reached skill level 6 in Fighting
  7678 | Bailey   | Reached XP level 10. HP: 61/76 MP: 10/10
  7679 | Bailey   | Killed Prince Ribbit
  7773 | Bailey   | Noticed a vault guard
  7785 | Bailey   | Killed a vault guard
  8814 | D:8      | Reached skill level 6 in Armour
  8814 | D:8      | Reached skill level 6 in Dodging
  8845 | D:8      | Noticed a two-headed ogre
  8852 | D:8      | Killed a two-headed ogre
  8853 | D:8      | Reached skill level 12 in Axes
  8911 | D:8      | Reached XP level 11. HP: 73/84 MP: 11/11
  8985 | D:8      | Found Kutuhef's Book Shoppe.
 10631 | D:9      | Found a staircase to the Orcish Mines.
 10798 | D:9      | Noticed a two-headed ogre
 10805 | D:9      | Killed a two-headed ogre
 11328 | D:10     | Entered Level 10 of the Dungeon
 11354 | D:10     | Found an opulent altar of Gozag.
 11602 | D:10     | Found a staircase to the Lair.
 11956 | D:10     | Noticed Harold
 11968 | D:10     | Killed Harold
 12660 | D:11     | Received a gift from Trog
 12661 | D:11     | Reached XP level 12. HP: 16/84 MP: 12/12
 13205 | D:12     | Noticed Rupert
 13206 | D:12     | Paralysed by Rupert for 2 turns
 13212 | D:12     | Killed Rupert
 13378 | D:12     | Reached skill level 9 in Fighting
 13667 | D:12     | Noticed a two-headed ogre
 13670 | D:12     | Noticed a two-headed ogre
 13671 | D:12     | Killed a two-headed ogre
 14310 | D:12     | Killed a two-headed ogre
 14834 | D:12     | Noticed a two-headed ogre
 14838 | D:12     | Killed a two-headed ogre
 15020 | D:12     | Noticed a boulder beetle
 15033 | D:12     | Killed a boulder beetle
 15034 | D:12     | Reached XP level 13. HP: 100/102 MP: 13/13
 15040 | D:12     | Noticed a rakshasa
 15378 | D:11     | Reached skill level 15 in Axes
 15429 | D:12     | Killed a rakshasa
 16103 | D:12     | Reached skill level 9 in Armour
 16154 | D:12     | Reached skill level 9 in Dodging
 16422 | D:12     | Identified the ring "Geinupt" {^Contam rC+ Will++ rCorr}
 18253 | Lair:1   | Entered Level 1 of the Lair of Beasts
 18413 | Lair:1   | Received a gift from Trog
 18423 | Lair:1   | Reached XP level 14. HP: 70/111 MP: 14/14
 19864 | Lair:2   | Received a gift from Trog
 20541 | Lair:2   | Noticed Urug
 20597 | Lair:2   | Killed Urug
 21210 | Lair:3   | Reached skill level 18 in Axes
 21236 | Lair:3   | Reached skill level 1 in Evocations
 21237 | Lair:3   | Found a hole to the Spider Nest.
 21344 | Lair:3   | Noticed Gastronok
 21354 | Lair:3   | Killed Gastronok
 21679 | Lair:3   | Reached skill level 3 in Evocations
 21780 | Lair:3   | Noticed Nergalle
 21788 | Lair:3   | Killed Nergalle
 22231 | Lair:3   | Found a staircase to the Shoals.
 22493 | Lair:3   | Acquired a +0 vampiric broad axe
 22731 | Lair:4   | Found a viscous altar of Jiyva.
 22731 | Lair:4   | Found a staircase to the Slime Pits.
 22843 | Lair:4   | Received a gift from Trog
 22978 | Lair:4   | Found a runed translucent door.
 23041 | Lair:4   | Found a frozen archway.
 23044 | Lair:4   | Reached XP level 15. HP: 112/119 MP: 15/15
 23089 | IceCv    | Entered an ice cave
 23583 | IceCv    | Noticed a frost giant
 23595 | IceCv    | Reached skill level 6 in Evocations
 23599 | IceCv    | Killed a frost giant
 24019 | Lair:4   | Reached skill level 12 in Fighting
 24413 | Lair:4   | Noticed Cesoluadot's ghost (journeyman DsFi)
 24528 | Lair:5   | Entered Level 5 of the Lair of Beasts
 24642 | Lair:5   | Received a gift from Trog
 25633 | Lair:5   | Identified the staff of the Singing Goat {rPois rC+ Str+4
                  | Conj Alchemy}
 25857 | Orc:1    | Entered Level 1 of the Orcish Mines
 25947 | Orc:2    | Entered Level 2 of the Orcish Mines
 26003 | Orc:2    | Found Xateot's Jewellery Emporium.
 26252 | Orc:2    | Found a staircase to the Elven Halls.
 26749 | Orc:2    | Received a gift from Trog
 27176 | Orc:2    | Found Teeqimeacw's Antique Armour Shoppe.
 27191 | Orc:2    | Reached XP level 16. HP: 121/129 MP: 16/16
 27208 | Orc:2    | Found Bineirar's Antique Weapon Shop.
 27218 | Orc:2    | Noticed Snorg
 27230 | Orc:2    | Killed Snorg
 27486 | Orc:2    | Found Jyxieh's General Store.
 27711 | Orc:2    | Bought a glowing helmet for 277 gold pieces
 28013 | D:13     | Acquired a neodymium turbine {RevParry, rElec rF+}
 28297 | D:13     | Found a transporter.
 28393 | D:13     | Found a gate to the Vaults.
 28405 | D:13     | Reached skill level 12 in Armour
 28405 | D:13     | Reached skill level 12 in Dodging
 28589 | D:13     | Noticed Kirke
 28597 | D:13     | Killed Kirke
 28901 | D:13     | Noticed a tengu reaver
 28913 | D:13     | Killed a tengu reaver
 29108 | D:13     | Found a transporter.
 29688 | D:14     | Received a gift from Trog
 29691 | D:14     | Identified the +0 scale mail of Loss {rC+ rN+ Str+2}
 30214 | D:15     | Entered Level 15 of the Dungeon
 30479 | D:15     | Found a sacrificial altar of Ru.
 30928 | D:15     | Found a staircase to the Depths.
 31272 | D:15     | Reached XP level 17. HP: 126/139 MP: 17/17
 31654 | Lair:4   | Killed Cesoluadot's ghost
 31725 | Spider:1 | Entered Level 1 of the Spider Nest
 32591 | Spider:1 | Received a gift from Trog
 32695 | Spider:1 | Reached ****** piety under Trog
 33539 | Spider:2 | Reached skill level 15 in Fighting
 33879 | Spider:2 | Received a gift from Trog
 35048 | Spider:3 | Reached XP level 18. HP: 144/151 MP: 18/18
 35510 | Spider:3 | Received a gift from Trog
 35931 | Spider:4 | Entered Level 4 of the Spider Nest
 36348 | Spider:4 | Identified the +3 scimitar of the Breathing Gods {venom,
                  | ^Drain rPois Int+8 Stlth-}
 36899 | Spider:4 | Received a gift from Trog
 37083 | Spider:4 | Reached skill level 15 in Armour
 37085 | Spider:4 | Reached skill level 15 in Dodging
 37212 | Spider:4 | Got a gossamer rune of Zot
 37542 | Shoals:1 | Entered Level 1 of the Shoals
 37914 | Shoals:1 | Found Upsit's Weapon Shop.
 38128 | Shoals:1 | Noticed Jorgrun
 38141 | Shoals:1 | Killed Jorgrun
 38549 | Shoals:2 | Identified the +6 scale mail of an ice cave {rElec rPois}
 38957 | Shoals:2 | Reached XP level 19. HP: 126/159 MP: 19/19
 39173 | Shoals:2 | Received a gift from Trog
 39503 | Shoals:3 | Found Toudgh's Magic Scroll Emporium.
 39512 | Shoals:3 | Bought a scroll of enchant armour for 127 gold pieces
 39512 | Shoals:3 | Bought a scroll of fear for 68 gold pieces
 39512 | Shoals:3 | Bought a scroll of identify for 34 gold pieces
 39512 | Shoals:3 | Bought a scroll of identify for 34 gold pieces
 39512 | Shoals:3 | Bought a scroll of teleportation for 51 gold pieces
 39512 | Shoals:3 | Bought a scroll of teleportation for 51 gold pieces
 39632 | Shoals:3 | Found Ciel's Magic Scroll Shoppe.
 39638 | Shoals:3 | Found Vief's Magic Scroll Boutique.
 39725 | Shoals:3 | Bought a scroll of blinking for 142 gold pieces
 39732 | Shoals:3 | Bought a scroll of enchant armour for 135 gold pieces
 39732 | Shoals:3 | Bought a scroll of butterflies for 72 gold pieces
 39732 | Shoals:3 | Bought a scroll of blinking for 135 gold pieces
 39762 | Shoals:3 | Found Xoidwyr's Antique Weapon Emporium.
 40098 | Shoals:3 | Found Waipoott's General Store.
 40106 | Shoals:3 | Bought a scroll of butterflies for 52 gold pieces
 40427 | Shoals:4 | Entered Level 4 of the Shoals
 41041 | Shoals:4 | Received a gift from Trog
 41393 | Shoals:4 | Noticed Ilsuiw
 41408 | Shoals:4 | Killed Ilsuiw
 41882 | Shoals:4 | Identified the +1 leather armour "Coheq" {Rampage}
 41929 | Shoals:4 | Got a barnacled rune of Zot
 42278 | Vaults:1 | Entered Level 1 of the Vaults
 42373 | Vaults:1 | Identified the +8 hand axe "Jenn" {venom, *Rage +Blink rC+
                  | rCorr}
 42450 | Vaults:1 | Reached skill level 18 in Fighting
 42573 | Vaults:1 | Reached XP level 20. HP: 170/170 MP: 20/20
 42633 | Vaults:1 | Received a gift from Trog
 43029 | Vaults:1 | You fall into a shaft and drop 1 floor!
 43359 | Vaults:2 | Identified the +7 sling of Nuoczo {heavy, +Blink rC- Int+5
                  | Dex-2}
 43445 | Vaults:2 | Received a gift from Trog
 44389 | Vaults:2 | Reached skill level 9 in Evocations
 44689 | Vaults:1 | Found Jualo's Book Boutique.
 44962 | Vaults:1 | Received a gift from Trog
 45481 | Vaults:3 | Reached XP level 21. HP: 175/180 MP: 21/21
 45496 | Vaults:3 | Found Rumuicri's Weapon Shop.
 45771 | Vaults:3 | Found a staircase to the Crypt.
 45779 | Vaults:3 | Received a gift from Trog
 47322 | Vaults:4 | Received a gift from Trog
 47471 | Vaults:4 | Identified the +0 lajatang of Opyewum {venom, Dex+4}
 48092 | Elf:1    | Entered Level 1 of the Elven Halls
 48107 | Elf:1    | Paralysed by an air elemental for 1 turns
 48136 | Elf:1    | Found Zamerig's Antique Armour Shop.
 48138 | Elf:1    | Found Keceototh's Magic Scroll Boutique.
 48140 | Elf:1    | Found Pohitt's Magic Scroll Shop.
 48168 | Elf:1    | Bought a scroll of acquirement for 728 gold pieces
 48168 | Elf:1    | Bought a scroll of enchant weapon for 105 gold pieces
 48188 | Elf:1    | Bought a scroll of enchant armour for 112 gold pieces
 48188 | Elf:1    | Bought a scroll of enchant weapon for 112 gold pieces
 48188 | Elf:1    | Bought a scroll of fear for 60 gold pieces
 48317 | Elf:1    | Reached skill level 18 in Armour
 48359 | Elf:1    | Reached skill level 18 in Dodging
 48366 | Elf:1    | Reached skill level 12 in Evocations
 48678 | Elf:1    | Found a portal to a secret trove of treasure.
 48798 | Elf:1    | Identified the +6 rapier of Dominance {venom, +Blink rF-
                  | Str+2}
 49026 | Elf:1    | Found a shimmering blue altar of Sif Muna.
 49044 | Elf:1    | Acquired a manual of Dodging
 49129 | Elf:2    | Found a radiant altar of Vehumet.
 49131 | Elf:2    | Received a gift from Trog
 49302 | Elf:2    | Found a runed translucent gate.
 49302 | Elf:2    | Found a runed translucent gate.
 49302 | Elf:2    | Found a runed translucent gate.
 49356 | Elf:2    | Found Jatut's Neck Hole.
 49406 | Elf:2    | Found a runed translucent gate.
 49406 | Elf:2    | Found a runed translucent gate.
 49406 | Elf:2    | Found a runed translucent gate.
 49410 | Elf:2    | Noticed Gymeqeul's ghost (adept HuCj)
 49413 | Elf:2    | Found a viscous altar of Jiyva.
 49779 | Elf:2    | Received a gift from Trog
 49780 | Elf:2    | Reached XP level 22. HP: 190/190 MP: 22/22
 49808 | Elf:2    | Killed Gymeqeul's ghost
 50084 | Elf:2    | Reached XP level 23. HP: 196/196 MP: 23/23
 50085 | Elf:2    | Reached XP level 24. HP: 204/204 MP: 23/23
 50797 | Elf:3    | Entered Level 3 of the Elven Halls
 50937 | Elf:3    | Received a gift from Trog
 51364 | Elf:3    | Noticed Norris
 51376 | Elf:3    | Killed Norris
 52855 | Elf:3    | Identified the amulet "Gameimam" {Spirit rElec rPois Int+4}
 52871 | Elf:3    | Identified the +10 dagger of Odicso {speed, Str+4}
 52880 | Elf:3    | Identified the +8 halberd "Lopolegy" {speed, +Blink Stlth+}
 52880 | Elf:3    | Identified the ring "Esmynit" {Fly rF+ rN+ Int+5 Dex-3}
 52894 | Elf:3    | Received a gift from Trog
 53059 | Elf:3    | Reached skill level 15 in Evocations
 54400 | Shoals:3 | Bought a scroll of brand weapon for 180 gold pieces
 54670 | Elf:1    | Bought a scroll of brand weapon for 133 gold pieces
 54672 | Elf:1    | Bought a runed helmet for 217 gold pieces
 55119 | Depths:1 | Entered Level 1 of the Depths
 55309 | Depths:1 | Found a gateway to Hell.
 55324 | Depths:1 | Reached skill level 21 in Fighting
 55794 | Depths:1 | Noticed Bai Suzhen
 55810 | Depths:1 | Killed Bai Suzhen
 55823 | Depths:1 | Found a burning altar of Makhleb.
 55901 | Depths:1 | Identified the +8 war axe of Vanity {heavy, Will+ Str+3}
                  | (Trog gifted it to you on level 1 of the Depths)
 55901 | Depths:1 | Received a gift from Trog
 55913 | Abyss:2  | Cast into level 2 of the Abyss (a deep elf demonologist)
 56178 | Abyss:3  | Found a corrupted altar of Lugonu.
 56411 | Abyss:3  | Gained mutation: You are clumsy. (Dex -2) [a neqoxec]
 56413 | Abyss:3  | Gained mutation: You do not regenerate when monsters are
                  | visible. [a neqoxec]
 56451 | Abyss:3  | Reached XP level 25. HP: 184/214 MP: 1/23
 56724 | Abyss:3  | Got an abyssal rune of Zot
 56747 | Abyss:3  | Received a gift from Trog
 56752 | Abyss:3  | Reached skill level 21 in Dodging
 56781 | Depths:1 | Escaped the Abyss
 57027 | Depths:1 | Identified the staff "Upluiruoph" {rPois Int+3 Alchemy}
 57028 | Depths:1 | Identified the +9 trident of Vanity {freeze, Stlth+}
 57479 | Depths:1 | Noticed Nikola
 57491 | Depths:1 | Killed Nikola
 57647 | Depths:1 | Found a one-way gate to the infinite horrors of the Abyss.
 57943 | Depths:1 | Lost mutation: You are clumsy. (Dex -2) [potion of
                  | mutation]
 57943 | Depths:1 | Lost mutation: You do not regenerate when monsters are
                  | visible. [potion of mutation]
 57943 | Depths:1 | Gained mutation: You possess an exceptional clarity of
                  | mind. [potion of mutation]
 57943 | Depths:1 | Gained mutation: You occasionally lose the ability to read
                  | scrolls when taking damage. [potion of mutation]
 57944 | Depths:1 | Lost mutation: You occasionally lose the ability to read
                  | scrolls when taking damage. [potion of mutation]
 57944 | Depths:1 | Lost mutation: You possess an exceptional clarity of mind.
                  | [potion of mutation]
 57944 | Depths:1 | Gained mutation: Your muscles are strong. (Str +4, Int/Dex
                  | -1) [potion of mutation]
 58323 | Depths:2 | Found a one-way gate leading to the halls of Pandemonium.
 58356 | Depths:2 | Found a flickering gateway to a bazaar.
 58365 | Bazaar   | Entered a bazaar
 58467 | Bazaar   | Found Umiqa's Jewellery Boutique.
 58479 | Bazaar   | Found Siampi's Assorted Antiques.
 58485 | Bazaar   | Found Leadun's General Store.
 58489 | Bazaar   | Found Ociqad's Book Emporium.
 58493 | Bazaar   | Bought a potion of heal wounds for 65 gold pieces
 58522 | Bazaar   | Bought a potion of cancellation for 264 gold pieces
 58522 | Bazaar   | Bought a scroll of teleportation for 99 gold pieces
 58693 | Depths:2 | Identified the +0 shadow dragon scales of Eternal Night
                  | {rF+ Will- Dex+4 Stlth++++}
 59347 | Depths:2 | Received a gift from Trog
 59586 | Depths:2 | Identified the +10 plate armour of Minor Irritation {rElec
                  | rC+ Str-2}
 60944 | Depths:3 | Found an ancient bone altar of Kikubaaqudgha.
 61785 | Depths:3 | Received a gift from Trog
 62111 | Depths:3 | Found a one-way gateway to a ziggurat.
 62188 | Depths:3 | Noticed Margery
 62199 | Depths:3 | Killed Margery
 62206 | Depths:3 | Killed the ghostly Margery
 62371 | Depths:3 | Identified the ring of Tiumeess {Ice Dex+10}
 62371 | Depths:3 | Noticed Josephina
 62378 | Depths:3 | Reached XP level 26. HP: 180/221 MP: 19/23
 62387 | Depths:3 | Killed Josephina
 64199 | Depths:3 | Identified the ring "Weunn" {Fire Str+3}
 64201 | Depths:3 | Identified the +7 hand axe of the Bursted God {distort, rC+
                  | Int-4 Dex+2 SInv}
 64312 | Depths:4 | Entered Level 4 of the Depths
 64365 | Depths:4 | Received a gift from Trog
 64612 | Depths:4 | Reached skill level 21 in Armour
 65764 | Depths:4 | Received a gift from Trog
 66080 | Depths:4 | Found a gate to the Realm of Zot.
 66181 | Depths:4 | Acquired 1045 gold pieces
 66653 | Elf:1    | You paid a toll of +2 ice dragon scales to enter a treasure
                  | trove
 66654 | Trove    | Entered a treasure trove
 66658 | Trove    | Found the +3 pair of gauntlets of War {Slay+5}
 66664 | Trove    | Identified the +0 pair of gloves of Intercession {Rampage
                  | rN+ Will-}
 66666 | Trove    | Identified the +1 swamp dragon scales of the Unbroken
                  | {rElec rPois Str+3 Stlth+}
 66684 | Trove    | Identified the +8 crystal plate armour "Xaleul" {^Drain Fly
                  | rPois Str-2}
 66685 | Trove    | Identified the +0 pair of gloves of Lidy {rF+ rC+ rN+}
 66688 | Trove    | Identified the -1 hat "Uxtettim" {+Blink rCorr Int+3}
 66691 | Trove    | Identified the +2 robe of Supple Strength {rPois}
 66693 | Trove    | Identified the +2 pair of boots of the Howling Gods {+Blink
                  | +Inv}
 66695 | Trove    | Identified the +0 chain mail of the Other Side {*Slow rF-
                  | Will+++ rCorr}
 67164 | Crypt:1  | Entered Level 1 of the Crypt
 67213 | Crypt:1  | Noticed Vv
 67246 | Crypt:1  | Killed Vv
 67703 | Crypt:1  | Noticed Zenata
 67712 | Crypt:1  | Killed Zenata
 68531 | Crypt:2  | Received a gift from Trog
 68865 | Crypt:2  | Reached XP level 27. HP: 205/236 MP: 23/23
 69277 | Crypt:2  | Identified the +0 leather armour "Cocwor" {rF+}
 69360 | Crypt:2  | Received a gift from Trog
 69799 | Crypt:3  | Entered Level 3 of the Crypt
 69857 | Crypt:3  | Paralysed by a vampire knight for 3 turns
 70026 | Crypt:2  | Found an ancient bone altar of Kikubaaqudgha.
 70067 | Crypt:3  | Reached skill level 24 in Fighting
 70405 | Crypt:3  | Found a staircase to the Tomb.
 70656 | Crypt:3  | Found the +8 demon trident "Rift" {distort, reach+}
 70931 | Crypt:3  | Identified the staff of the Gazing Seeker {rPois rF+ Int+5
                  | Fire}
 70958 | Crypt:3  | Received a gift from Trog
 71240 | Crypt:3  | Identified the +3 dagger "Dasebreo" {freeze, *Noise rCorr
                  | Str+3 Int+4}
 71383 | Crypt:3  | Noticed Jory
 71391 | Crypt:3  | Killed Jory
 71633 | Vaults:5 | Entered Level 5 of the Vaults
 71692 | Vaults:5 | Identified the +3 hand axe of Mens Rea {flame, rC+} (Trog
                  | gifted it to you on level 5 of the Vaults)
 71692 | Vaults:5 | Received a gift from Trog
 71696 | Vaults:5 | Noticed a dread lich
 71702 | Vaults:5 | Killed a dread lich
 71791 | Vaults:5 | Identified the +2 ring mail of Gallantry {Slay+2}
 71904 | Vaults:5 | Noticed an ancient lich
 71917 | Vaults:5 | Received a gift from Trog
 71921 | Vaults:5 | Killed an ancient lich
 71922 | Vaults:5 | Reached skill level 24 in Dodging
 71973 | Vaults:5 | Got a silver rune of Zot
 72117 | Vaults:5 | Identified the ring "Vuxihe" {Fly rC- rN+ Str+2 Dex+3}
 72126 | Vaults:5 | Identified the amulet of Coho {Reflect rF- Int+4 SH+5 SInv}
 72327 | Vaults:5 | Identified the ring "Kaomuc" {+Blink rElec MP+9 Str+5
                  | Slay-2}
 72358 | Vaults:5 | Identified the staff "Kyn Zudgh" {Stlth+ Tloc Earth}
 72365 | Vaults:5 | Identified the +3 scale mail of Lifelessness {rC+ Will+
                  | Str+2}
 72366 | Vaults:5 | Identified the +4 spear "Rantil" {venom, +Blink rCorr}
 72509 | Vaults:5 | Identified the +5 chain mail "Xupytokeo" {Harm Dex+2}
 73334 | Slime:1  | Entered Level 1 of the Pits of Slime
 73386 | Slime:1  | Received a gift from Trog
 74327 | Slime:3  | Received a gift from Trog
 74862 | Slime:5  | Entered Level 5 of the Pits of Slime
 74997 | Slime:5  | Noticed the Royal Jelly
 75021 | Slime:5  | Killed the Royal Jelly
 75049 | Slime:5  | Received a gift from Trog
 75064 | Slime:5  | Identified the +11 shadow dragon scales "Damnable
                  | Contraption" {rCorr Int+7 Slay-2 Stlth++++}
 75092 | Slime:5  | Found the +10 dark maul {heavy}
 75110 | Slime:5  | Identified the +3 whip of the Holding Asp {speed, Fly}
 75124 | Slime:5  | Identified the +3 trident "Vefi" {distort, *Slow rPois rC+
                  | Int+3}
 75132 | Slime:5  | Got a slimy rune of Zot
 75146 | Slime:5  | Identified the +1 ring mail "Xostoenn" {Will+ Stlth+}
 75154 | Slime:5  | Identified the +8 dagger "Bosuw" {freeze, *Rage Dex+6}
 76210 | Zot:1    | Entered Level 1 of the Realm of Zot
 76867 | Zot:1    | Reached skill level 24 in Armour
 76919 | Zot:1    | Found a shimmering blue altar of Sif Muna.
 77395 | Zot:2    | Received a gift from Trog
 77518 | Zot:2    | Acquired 502 gold pieces
 78947 | Zot:3    | Noticed an orb of fire
 78948 | Zot:3    | Lost mutation: Your muscles are strong. (Str +4, Int/Dex
                  | -1) [an orb of fire]
 78960 | Zot:3    | Killed an orb of fire
 79426 | Zot:4    | Reached skill level 27 in Fighting
 79510 | Zot:4    | Noticed a dread lich
 80445 | Zot:4    | Found a transporter.
 80446 | Zot:4    | Noticed an orb of fire
 80448 | Zot:4    | Noticed an ancient lich
 80449 | Zot:4    | Found a radiant altar of Vehumet.
 81000 | Zot:5    | Entered Level 5 of the Realm of Zot
 81479 | Zot:5    | Received a gift from Trog
 82097 | Zot:5    | Noticed an ancient lich
 82120 | Zot:5    | Noticed an orb of fire
 82122 | Zot:5    | Noticed an ancient lich
 82129 | Zot:5    | Noticed a dread lich
 82129 | Zot:5    | Noticed an orb of fire
 82131 | Zot:5    | Noticed an orb of fire
 82140 | Zot:5    | Gained mutation: You are clumsy. (Dex -2) [an orb of fire]
 82142 | Zot:5    | Gained mutation: Your body sometimes deteriorates upon
                  | taking damage. [an orb of fire]
 82440 | Zot:5    | Killed an orb of fire
 82442 | Zot:5    | Killed an orb of fire
 82449 | Zot:5    | Killed a dread lich
 82457 | Zot:5    | Killed an ancient lich
 82469 | Zot:5    | Killed an orb of fire
 82703 | Zot:5    | Noticed a dread lich
 82704 | Zot:5    | Noticed an ancient lich
 82712 | Zot:5    | Killed an ancient lich
 82714 | Zot:5    | Killed a dread lich
 82720 | Zot:5    | Killed an ancient lich
 82806 | Zot:5    | Noticed a dread lich
 82818 | Zot:5    | Paralysed by a Zot trap for 3 turns
 82825 | Zot:5    | Gained mutation: Your spells are a little easier to cast,
                  | but a little less powerful. [mutagenic glow]
 82842 | Zot:5    | Gained mutation: You are weak. (Str -2) [mutagenic glow]
 83472 | Zot:5    | Killed a dread lich
 83695 | Zot:5    | Reached skill level 27 in Dodging
 83709 | Zot:5    | Noticed a dread lich
 83717 | Zot:5    | Killed a dread lich
 83717 | Zot:5    | Received a gift from Trog
 83992 | Zot:5    | Got the Orb of Zot
 84414 | D:9      | Noticed Juurif the pandemonium lord
 84428 | D:9      | Killed Juurif the pandemonium lord
 84563 | D:5      | Noticed Sajoneh the pandemonium lord
 84582 | D:5      | Killed Sajoneh the pandemonium lord
 84598 | D:5      | Gained mutation: You have an increased reservoir of magic.
                  | (+10% MP) [a cacodemon]
 84676 | D:1      | Reached skill level 27 in Armour
 84708 | D:$      | Escaped with the Orb!

Illustrated notes

Levels and vault maps discovered:
D:1:      dpeg_arrival_boxorama, layout_loops_ring, st_stairs_13,
          minmay_tree_intersection, kennysheep_crisscross,
          hangedman_decor_lopped
D:2:      kennysheep_the_goblin_king, layout_loops_ring, uniq_jessica,
          uniq_natasha
D:3:      layout_loops_corners, serial_shops, shop, goddamned_bats
D:4:      layout_basic, minmay_misc_feat_ornament
D:5:      layout_basic, nicolae_overflow_squiral, minmay_misc_feat_four_crosses,
          uniq_eustachio
D:6:      layout_basic, mainiacjoe_overflow_surrounded_room,
          minmay_temple_entry_drinking_statues
D:7:      layout_loops_ring, nicolae_ossuary_entry_monument
D:8:      layout_gridville, special_room [special_room_orc], enter_bailey_5,
          serial_shops, shop
D:9:      layout_stronghold, hiddenorc1_lemuel, lemuel_flame_loot_1
D:10:     layout_basic, nicolae_overflow_crystal_walls,
          due_lair_maze_entry_diamond, minmay_misc_feat_encased, uniq_harold
D:11:     layout_rooms, minmay_misc_feat_alley
D:12:     minmay_the_grid_square_5x5_5x5 [minmay_the_grid_square_5x5_fat_x,
          minmay_the_grid_square_5x5_v, minmay_the_grid_square_5x5_gyroscope,
          minmay_the_grid_square_5x5_doubleslash,
          minmay_the_grid_square_5x5_comb, minmay_the_grid_square_5x5_corner,
          minmay_the_grid_square_5x5_prize_deathbox,
          minmay_the_grid_square_5x5_one_wall,
          minmay_the_grid_square_5x5_prize_junk,
          minmay_the_grid_square_5x5_broken_cross, minmay_the_grid_square_5x5_n,
          minmay_the_grid_square_5x5_empty,
          minmay_the_grid_square_5x5_prize_waves,
          minmay_the_grid_square_5x5_three,
          minmay_the_grid_square_5x5_three_small,
          minmay_the_grid_square_5x5_three_walls,
          minmay_the_grid_square_5x5_prize_monsterx,
          minmay_the_grid_square_5x5_inset,
          minmay_the_grid_square_5x5_prize_open,
          minmay_the_grid_square_5x5_misaligned,
          minmay_the_grid_square_5x5_mess,
          minmay_the_grid_square_5x5_two_walls_b,
          minmay_the_grid_square_5x5_n_small,
          minmay_the_grid_square_5x5_inner_i,
          minmay_the_grid_square_5x5_intrusive_squares], layout_stronghold,
          minmay_puff, uniq_rupert
D:13:     minmay_containers, layout_long_grid, erik_vaults_1,
          nicolae_diode_stairs, uniq_kirke
D:14:     kennysheep_funnel, layout_loops_ring, serial_rivers,
          chequers_serial_rivers_micro_e, chequers_serial_rivers_room_a,
          chequers_serial_rivers_small_3, chequers_serial_rivers_large_a,
          chequers_serial_rivers_micro_d, chequers_serial_rivers_room_b
D:15:     grunt_enter_depths_magical_seal, layout_irregular_city, serial_ice,
          serial_ice_j, serial_ice_b, serial_ice_h, serial_ice_f,
          nicolae_ru_sacrificial_ziggurat
Temple:   mainiacjoe_temple_coin_purse
Lair:1:   layout_chaotic_city, grunt_megastairs_3
Lair:2:   layout_chaotic_city, st_stairs_6, serial_bayou_crossing,
          serial_bayou_shore_a, grunt_megastairs_5, uniq_urug
Lair:3:   layout_regular_city, elwin_shoals_entry_rooms, spider_nest_entry_a,
          serial_bayou_pond_c, infiniplex_staircase_pool, uniq_nergalle,
          uniq_gastronok
Lair:4:   layout_cave_pods, dpeg_slime_entry_corner, portal_ice_cave_rime,
          ebering_ghost_reflecting_pool
Lair:5:   grunt_lair_end_beastmaster, layout_big_grid
Shoals:1: layout_shoals, serial_shops, nicolae_shop_waterfront, uniq_jorgrun
Shoals:2: layout_shoals
Shoals:3: nicolae_shoals_island_circles, layout_shoals, serial_shops, shop,
          shop, nicolae_shop_peninsula,
          nicolae_shop_temple_entry_statues_fountains, nicolae_shop_hallway_plus
Shoals:4: shoals_end_grunt_ice, layout_shoals, shoals_ilsuiw_alternative
Spider:1: layout_cave_pods
Spider:2: nicolae_spider_hilbert_zone_2 [nicolae_spider_hilbert_4_sides_1_open,
          nicolae_spider_hilbert_4_sides_1_open,
          nicolae_spider_hilbert_4_sides_1_open,
          nicolae_spider_hilbert_4_sides_1_open,
          nicolae_spider_hilbert_6_sides_1_open,
          nicolae_spider_hilbert_6_sides_1_open,
          nicolae_spider_hilbert_3_sides_1_open,
          nicolae_spider_hilbert_3_sides_1_open,
          nicolae_spider_hilbert_3_sides_1_open,
          nicolae_spider_hilbert_3_sides_1_open,
          nicolae_spider_hilbert_6_sides_1_open,
          nicolae_spider_hilbert_6_sides_1_open,
          nicolae_spider_hilbert_6_sides_1_open,
          nicolae_spider_hilbert_6_sides_1_open]
Spider:3: layout_chambers, nicolae_spider_scorpion_nest
Spider:4: grunt_spider_rune_parallel, lemuel_hornet_nest
Slime:1:  layout_caves
Slime:2:  layout_caves
Slime:3:  layout_caves
Slime:4:  layout_caves, cheibrodos_slime_lost_civilization_5
Slime:5:  slime_pit
Orc:1:    layout_caves, special_room [special_room_kobold]
Orc:2:    grunt_orc_gardens, layout_caves, grunt_orc_garden, grunt_orc_garden,
          grunt_orc_garden, grunt_orc_garden, blackcustard_rock_pile, uniq_snorg
Elf:1:    elf_arrival_002, layout_geoelf_octagon, enter_trove_5,
          guppyfry_elf_altar, minmay_shop_star
Elf:2:    elven_hall_of_blades_hangedman_original [mumra_blade_entry_bloodbath],
          layout_onion_city, basic_altar, gammafunk_ghost_ooze,
          nicolae_shop_sticking_my_neck_out
Elf:3:    elf_hall, layout_geoelf_grid, uniq_norris
Vaults:1: v_rooms_6, ontoclasm_vaults_fault, grunt_vaults_trifunnel,
          vaults_room_guarded_vault, hangedman_vaults_snaps,
          ontoclasm_vaults_spin, hangedman_vaults_impose,
          nicolae_vaults_alarming, nicolae_vaults_diagonal_hallway_9,
          nicolae_vaults_little_squares_2, nicolae_vaults_border_crossing,
          nicolae_vaults_offset_grid_hallway_1, nicolae_vaults_tetromino_Z_2,
          ontoclasm_vaults_loading_screen, layout_vaults_omnibox, serial_shops,
          nicolae_shop_real_fake_doors
Vaults:2: vaults_standard_mumra_lines, nicolae_vaults_network_star,
          nicolae_vaults_trapezoid_1, dpeg_vaults_waves, ontoclasm_vaults_eye,
          ontoclasm_vaults_loading_screen, grunt_vaults_swirl,
          grunt_vaults_hallway_long, nicolae_vaults_wine_cellar,
          layout_vaults_quadrants
Vaults:3: minmay_crypt_entry_simple_sparse, nicolae_vaults_rhombus_6,
          vaults_dpeg_ring, hangedman_vaults_cutoff, nicolae_vaults_theta,
          nicolae_vaults_rhombus_6, nicolae_vaults_heart-shaped_vault,
          layout_vaults_big_room, serial_shops,
          nicolae_shop_bloodbath_and_beyond
Vaults:4: nicolae_vaults_sealed_display, hangedman_vaults_slice,
          vaults_room_stairs_pillars, ontoclasm_vaults_claustrophobia,
          serial_library_hellmonk_semicircle, hangedman_vaults_slice,
          nicolae_vaults_frosty_reception, vaults_room_grid,
          nicolae_vaults_closet_pinwheel_2, nicolae_vaults_double_plus_1,
          hangedman_vaults_trim, layout_vaults_omnicross
Vaults:5
Crypt:1:  layout_chaotic_city, uniq_vv, uniq_zenata
Crypt:2:  hangedman_screamer, layout_regular_city, hangedman_weighted_door,
          lemuel_upstairs_altar, grunt_megastairs_2
Crypt:3:  due_elkab, layout_chaotic_city
Depths:1: evilmike_makhleb_hellhole, layout_basic, hangedman_decor_riveting,
          abyss_entry, hell_entry, drop_trap, hangedman_devilish_allure,
          uniq_nikola, uniq_bai_suzhen
Depths:2: nicolae_aperiodic_l_corner, layout_gridville, serial_shops,
          bzr_in_the_mist, amcnicky_mini_pool_small, pf_coc_iceberg, pan_entry,
          beargit_elvish_explorers
Depths:3: evilmike_negative_zone, layout_gridlike, enter_ziggurat_b,
          minmay_room_of_horrors, grunt_hell_entry_dis_mu, hangedman_aviary,
          uniq_josephina, uniq_margery
Depths:4: evilmike_zot_entry_hall, layout_gridlike, nrook_campfire,
          grunt_pan_entry_in_and_out, hell_entry
Zot:1:    hangedman_zot_vaults_quadrants, layout_cathedral_of_symmetry,
          regret_index_zotdec_magical_s, regret_index_zotdec_tunneler
Zot:2:    layout_gridlike, lemuel_golem_globe, grunt_megastairs_4
Zot:3:    layout_misc_corridors
Zot:4:    gammafunk_sealed_library, layout_cathedral_of_symmetry,
          regret_index_zotdec_misc_clamp
Zot:5:    layout_onion, grunt_ministairs_14

Skill      XL: |  1  2  3  4  5  6  7  8  9 10 11 12 13 14 15 16 17 18 19 20 21 22 23 24 25 26 27 |
---------------+----------------------------------------------------------------------------------+-----
Axes           | 4 5 6 7 8 9 11 12 13 14 16 18 | 18.0
Armour         | 2 3 5 6 7 8 9 10 11 13 14 15 16 17 18 19 20 21 27 | 27.0
Dodging        | 2 3 5 6 7 8 9 10 11 12 14 15 16 17 18 20 21 22 27 | 27.0
Fighting       | 4 6 7 8 9 10 11 12 14 15 16 18 19 20 21 22 23 27 | 27.0
Evocations     | 4 8 10 12 13 15 | 15.1

Action                     |  1- 3 |  4- 6 |  7- 9 | 10-12 | 13-15 | 16-18 | 19-21 | 22-24 | 25-27 || total
---------------------------+-------+-------+-------+-------+-------+-------+-------+-------+-------++-------
  Melee: Hand axe          |    53 |    78 |       |       |       |       |       |       |       ||   131
         Dagger            |    23 |       |       |       |       |       |       |       |       ||    23
         Short sword       |    23 |   126 |       |       |       |       |       |       |       ||   149
         War axe           |       |    62 |   314 |    11 |       |       |       |       |       ||   387
         Broad axe         |       |       |       |   828 |  1469 |  1727 |  1970 |   772 |  4637 || 11403
 Invoke: Berserk           |     1 |     1 |     3 |     3 |     4 |     2 |     1 |     1 |    15 ||    31
         Brothers in Arms  |       |       |     2 |     2 |     3 |       |     1 |       |       ||     8
         Trog's Hand       |       |       |       |       |     1 |     3 |     1 |     3 |    11 ||    19
Ability: Invent Gizmo      |       |       |       |       |       |     1 |       |       |       ||     1
  Evoke: Wand              |       |       |       |    12 |    39 |       |    17 |       |     6 ||    74
         Lightning rod     |       |       |       |       |     5 |       |       |       |       ||     5
         Condenser vane    |       |       |       |       |       |       |       |     2 |       ||     2
    Use: Scroll            |       |       |     4 |     4 |    23 |    22 |     6 |    12 |    22 ||    93
         Potion            |       |       |       |     1 |     1 |     5 |       |     9 |    19 ||    35
   Stab: Sleeping          |       |     1 |       |       |       |       |       |       |       ||     1
         Petrifying        |       |       |       |       |     3 |       |       |       |       ||     3
         Held in net/web   |       |       |       |       |       |     1 |       |       |       ||     1
         Invisible         |       |       |       |       |       |       |       |       |     9 ||     9
 Armour: Animal skin       |    27 |    29 |       |       |       |       |       |       |       ||    56
         Plate armour      |       |   132 |   179 |   471 |   729 |    32 |       |       |       ||  1543
         Gold dragon scale |       |       |       |       |       |  1289 |  1091 |   397 |  2440 ||  5217
  Dodge: Dodged            |    19 |    66 |    58 |   197 |   347 |   463 |   405 |   143 |  1348 ||  3046

Table legend: (Time is in decaauts)
 A = Elapsed time spent in this place.
 B = Non-inter-level travel time spent in this place.
 C = Inter-level travel time spent in this place.
 D = Time resting spent in this place.
 E = Time spent auto-exploring this place.
 F = Levels seen in this place.
 G = Mean time per level.
                   A        B        C        D        E       F      G
               +--------+--------+--------+--------+--------+-----+--------+
         Total |  83516 |  75258 |   8258 |  15553 |  48448 |  63 | 1325.7 |
       Dungeon |  22947 |  19861 |   3086 |   4997 |  12043 |  15 | 1529.8 |
        Temple |      1 |      1 |      0 |      0 |      0 |   1 |    1.0 |
          Lair |   7952 |   7023 |    929 |   1681 |   4499 |   5 | 1590.4 |
        Shoals |   4667 |   4239 |    428 |    421 |   3114 |   4 | 1166.8 |
   Spider Nest |   5127 |   4949 |    178 |    474 |   3634 |   4 | 1281.8 |
    Slime Pits |   2390 |   2166 |    224 |     76 |   1789 |   5 |  478.0 |
  Orcish Mines |   2030 |   1730 |    300 |    547 |    919 |   2 | 1015.0 |
   Elven Halls |   6439 |   5526 |    913 |   1692 |   2995 |   3 | 2146.3 |
        Vaults |   7111 |   6337 |    774 |    387 |   4817 |   5 | 1422.2 |
         Crypt |   4269 |   4053 |    216 |    858 |   2564 |   3 | 1423.0 |
        Depths |  10297 |   9508 |    789 |    836 |   7667 |   4 | 2574.2 |
           Zot |   7712 |   7296 |    416 |   2738 |   3605 |   5 | 1542.4 |
         Abyss |    788 |    788 |      0 |    258 |    104 |   2 |  394.0 |
        Bazaar |    174 |    174 |      0 |      0 |    137 |   1 |  174.0 |
         Trove |     57 |     57 |      0 |      0 |     19 |   1 |   57.0 |
       Ossuary |    256 |    256 |      0 |     71 |    101 |   1 |  256.0 |
        Bailey |    666 |    666 |      0 |    297 |    207 |   1 |  666.0 |
      Ice Cave |    626 |    626 |      0 |    218 |    231 |   1 |  626.0 |
               +--------+--------+--------+--------+--------+-----+--------+

Top non-repeatable levels by time:
    D:12: 4468 daAuts
Depths:3: 3591 daAuts
   Elf:3: 3271 daAuts
Depths:2: 2447 daAuts
Depths:1: 2282 daAuts
   Zot:4: 2257 daAuts
     D:9: 2243 daAuts
  Lair:3: 2203 daAuts
   Zot:5: 2043 daAuts
Depths:4: 1975 daAuts
     D:2: 1801 daAuts
Vaults:2: 1800 daAuts
     D:8: 1787 daAuts
   Elf:2: 1773 daAuts
    D:13: 1768 daAuts
